[Event "World Senior chT-65 2019"]
[Site "Rhodes"]
[Date "2019.04.16"]
[Round "1.7"]
[White "Kiefer, Gerhard"]
[Black "Hvenekilde, Jorgen"]
[Result "1-0"]
[ECO "C41"]
[WhiteElo "2279"]
[BlackElo "2046"]
[Annotator "NA"]
[PlyCount "79"]
[EventDate "2019.04.16"]
[EventType "team-tourn"]
[EventCountry "GRE"]
[SourceTitle "playchess.com"]
[Source "ChessBase"]
[SourceQuality "1"]
[WhiteTeam "Germany"]
[BlackTeam "Denmark"]
[WhiteTeamCountry "GER"]
[BlackTeamCountry "DEN"]
[TimeControl "40/5400+30:1800+30"]

1. e4 e5 2. Nf3 d6 3. d4 exd4 4. Nxd4 g6 5. Nc3 Bg7 6. Be2 a6 7. a4 Nf6 8. Bg5 O-O 9. O-O Re8 10. f3 c5 11. Nb3 Nc6 12. Qd2 Be6 13. Rfd1 Bxb3 14. cxb3 Nd4 15. Bc4 Qd7 16. a5 Rab8 17. Na4 Qe7 18. Nb6 Qf8 19. Bxf6 Bxf6 20. Nd7 Qe7 21. Nxb8 Rxb8 22. Bd5 Rd8 23. Rf1 Qd7 24. Qd3 Nc6 25. Qd2 Nb4 26. Bc4 Nc6 27. Kh1 Bd4 28. f4 Re8 29. f5 Ne5 30. Bd5 Rb8 31. h3 Qd8 32. b4 Qe7 33. bxc5 dxc5 34. Rab1 Rd8 35. b4 Rd7 36. f6 Qd8 37. Qh6 Qf8 38. Qxf8+ Kxf8 39. bxc5 Bxc5 40. Rfc1 1-0

[Event "World Senior chT-65 2019"]
[Site "Rhodes"]
[Date "2019.04.16"]
[Round "1.8"]
[White "Grevlund, Per"]
[Black "Buchal, Stephan"]
[Result "1-0"]
[ECO "B07"]
[WhiteElo "1998"]
[BlackElo "2283"]
[Annotator "NA"]
[PlyCount "121"]
[EventDate "2019.04.16"]
[EventType "team-tourn"]
[EventCountry "GRE"]
[SourceTitle "playchess.com"]
[Source "ChessBase"]
[SourceQuality "1"]
[WhiteTeam "Denmark"]
[BlackTeam "Germany"]
[WhiteTeamCountry "DEN"]
[BlackTeamCountry "GER"]
[TimeControl "40/5400+30:1800+30"]

1. e4 g6 2. d4 Bg7 3. Nf3 d6 4. Bd3 Nf6 5. O-O O-O 6. c3 Nc6 7. Re1 e5 8. d5 Ne7 9. Nbd2 h6 10. Nf1 Nh5 11. Bc2 Qe8 12. Ba4 b5 13. Bc2 f5 14. exf5 gxf5 15. a4 Bb7 16. axb5 Bxd5 17. Bb3 Qf7 18. Bxd5 Nxd5 19. Ne3 Nb6 20. Nc2 Nf6 21. Nb4 Qd7 22. Qe2 Kh7 23. Ra6 Ne4 24. Nc6 Nc5 25. Rxa7 Rxa7 26. Nxa7 e4 27. Nd4 Nd3 28. Rd1 c5 29. bxc6 Qxa7 30. Be3 Bxd4 31. Bxd4 Qc7 32. Ra1 Rf7 33. Ra6 Nc8 34. b4 d5 35. b5 Nd6 36. b6 Qxc6 37. b7 Qxb7 38. Rxd6 Nf4 39. Qa2 Qb5 40. h3 Rd7 41. Qa6 Ne2+ 42. Kh2 Qxa6 43. Rxa6 f4 44. g3 f3 45. Rc6 Rb7 46. g4 Rb2 47. Be3 Rc2 48. Rxh6+ Kg7 49. Rd6 Rxc3 50. Rxd5 Rd3 51. Rxd3 exd3 52. h4 Kf7 53. h5 Nc3 54. Kg3 d2 55. Bxd2 Ne4+ 56. Kxf3 Nxd2+ 57. Kf4 Nb3 58. g5 Nc5 59. Kf5 Ne6 60. g6+ Ke7 61. h6 1-0

[Event "World Senior chT-65 2019"]
[Site "Rhodes"]
[Date "2019.04.16"]
[Round "1.11"]
[White "Melkeraen, Terje"]
[Black "Giffard, Nicolas"]
[Result "1/2-1/2"]
[ECO "E32"]
[WhiteElo "2006"]
[BlackElo "2252"]
[Annotator "NA"]
[PlyCount "86"]
[EventDate "2019.04.16"]
[EventType "team-tourn"]
[EventCountry "GRE"]
[SourceTitle "playchess.com"]
[Source "ChessBase"]
[SourceQuality "1"]
[WhiteTeam "Norway"]
[BlackTeam "France"]
[WhiteTeamCountry "NOR"]
[BlackTeamCountry "FRA"]
[TimeControl "40/5400+30:1800+30"]

1. d4 Nf6 2. c4 e6 3. Nc3 Bb4 4. Qc2 d6 5. Bg5 h6 6. Bh4 Nbd7 7. Nf3 O-O 8. a3 Bxc3+ 9. Qxc3 Qe8 10. e3 Ne4 11. Qc2 f5 12. Bd3 g5 13. Bg3 Ndf6 14. Nd2 Nxd2 15. Qxd2 e5 16. dxe5 dxe5 17. f3 f4 18. Bf2 e4 19. Bxe4 Nxe4 20. fxe4 Be6 21. O-O Bxc4 22. Rfe1 f3 23. Rac1 Qf7 24. gxf3 b5 25. f4 Rad8 26. Qc2 Rd7 27. Bg3 Rfd8 28. Red1 Rd3 29. Rxd3 Rxd3 30. Rd1 Rxe3 31. Rd8+ Kg7 32. Qd2 Rxe4 33. Rd7 Re7 34. Rxe7 Qxe7 35. fxg5 hxg5 36. b3 Bf7 37. Qd4+ Kh6 38. b4 c6 39. Qe5 Qxe5 40. Bxe5 Kg6 41. Kf2 Kf5 42. Bb8 a6 43. Ke3 g4 {[%emt 0:00:51] Ke4+ [%emt 00:00:23] Ke5+ [%emt 00:00:59]} 1/2-1/2

[Event "World Senior chT-65 2019"]
[Site "Rhodes"]
[Date "2019.04.16"]
[Round "1.12"]
[White "Boudre, Jean-Pierre"]
[Black "Johnsen, Oystein"]
[Result "1/2-1/2"]
[ECO "B43"]
[WhiteElo "2246"]
[BlackElo "1986"]
[Annotator "NA"]
[PlyCount "102"]
[EventDate "2019.04.16"]
[EventType "team-tourn"]
[EventCountry "GRE"]
[SourceTitle "playchess.com"]
[Source "ChessBase"]
[SourceQuality "1"]
[WhiteTeam "France"]
[BlackTeam "Norway"]
[WhiteTeamCountry "FRA"]
[BlackTeamCountry "NOR"]
[TimeControl "40/5400+30:1800+30"]

1. e4 c5 2. Nf3 e6 3. d4 cxd4 4. Nxd4 a6 5. Nc3 Qc7 6. Qd3 Nf6 7. Qg3 Qxg3 8. hxg3 Bb4 9. f3 Nc6 10. Nxc6 bxc6 11. Bd2 d5 12. Bd3 Bb7 13. O-O-O O-O-O 14. exd5 cxd5 15. g4 d4 16. Ne2 Bxd2+ 17. Rxd2 e5 18. Ng3 g6 19. Re2 Nd7 20. b4 f6 21. Kd2 Kc7 22. Rh6 a5 23. a3 axb4 24. axb4 Ra8 25. Re1 Bd5 26. Reh1 Nf8 27. Ne4 Bxe4 28. Bxe4 Rb8 29. c3 dxc3+ 30. Kxc3 Kb6 31. Rd1 Kc7 32. g3 Ne6 33. Rdh1 Nf8 34. Ra1 Ne6 35. Rxh7+ Rxh7 36. Ra7+ Kd6 37. Rxh7 Rc8+ 38. Kb3 Nd4+ 39. Kb2 f5 40. gxf5 gxf5 41. Rh6+ Ke7 42. Bd3 Rg8 43. g4 e4 44. Bxe4 fxe4 45. fxe4 Rxg4 46. e5 Nf3 47. Kb3 Nxe5 48. Rh3 Nc6 49. b5 Rb4+ 50. Kc3 Rxb5 51. Rh7+ Kf8 1/2-1/2

[Event "World Senior chT-65 2019"]
[Site "Rhodes"]
[Date "2019.04.16"]
[Round "1.16"]
[White "Svensson, Soren"]
[Black "Lederman, Leon"]
[Result "1-0"]
[ECO "D48"]
[WhiteElo "1964"]
[BlackElo "2281"]
[Annotator "NA"]
[PlyCount "81"]
[EventDate "2019.04.16"]
[EventType "team-tourn"]
[EventCountry "GRE"]
[SourceTitle "playchess.com"]
[Source "ChessBase"]
[SourceQuality "1"]
[WhiteTeam "Sweden"]
[BlackTeam "Israel"]
[WhiteTeamCountry "SWE"]
[BlackTeamCountry "ISR"]
[TimeControl "40/5400+30:1800+30"]

1. d4 d5 2. c4 e6 3. Nf3 Nf6 4. Nc3 c6 5. e3 Nbd7 6. Bd3 dxc4 7. Bxc4 b5 8. Bd3 a6 9. e4 c5 10. d5 c4 11. Bc2 e5 12. Be3 Bd6 13. O-O O-O 14. Qe2 Qe7 15. Rad1 Nc5 16. Nd2 Bd7 17. Rb1 Rfc8 18. Rfc1 b4 19. Bxc5 Bxc5 20. Nd1 Bb5 21. Qf3 Bd4 22. Ne3 g6 23. b3 Bxe3 24. Qxe3 c3 25. Nf3 a5 26. Qg5 Re8 27. Re1 Nd7 28. Qh6 Qf8 29. Qg5 f6 30. Qg3 Qh6 31. Rbd1 Ra6 32. Re3 Qf4 33. Qh3 Nc5 34. g3 Bd7 35. Qxd7 Nxd7 36. gxf4 exf4 37. Ree1 g5 38. h3 Kg7 39. Kg2 h5 40. Nd4 Ne5 41. Ne6+ 1-0

[Event "World Senior chT-65 2019"]
[Site "Rhodes"]
[Date "2019.04.16"]
[Round "1.19"]
[White "Waterfield, John W"]
[Black "Hammar, Bengt"]
[Result "0-1"]
[ECO "B84"]
[WhiteElo "1928"]
[BlackElo "2206"]
[Annotator "NA"]
[PlyCount "108"]
[EventDate "2019.04.16"]
[EventType "team-tourn"]
[EventCountry "GRE"]
[SourceTitle "playchess.com"]
[Source "ChessBase"]
[SourceQuality "1"]
[WhiteTeam "Wales"]
[BlackTeam "Sweden"]
[WhiteTeamCountry "WLS"]
[BlackTeamCountry "SWE"]
[TimeControl "40/5400+30:1800+30"]

1. e4 c5 2. Nf3 d6 3. d4 cxd4 4. Nxd4 Nf6 5. Nc3 a6 6. Be2 e6 7. Be3 Nbd7 8. f4 b5 9. Bf3 Bb7 10. e5 Bxf3 11. Qxf3 dxe5 12. Nc6 Qc7 13. fxe5 Rc8 14. exf6 Qxc6 15. fxg7 Bxg7 16. Qxc6 Rxc6 17. O-O-O Bxc3 18. bxc3 Rg8 19. g3 Nf6 20. Bd4 Nd5 21. Kb2 Rg5 22. Rhe1 Kf8 23. Rd3 f6 24. Re4 Kf7 25. Rh4 h5 26. Re4 Rg4 27. Re2 Rc4 28. Kb3 a5 29. a3 a4+ 30. Kb2 Rc8 31. Rf3 h4 32. Ref2 hxg3 33. hxg3 Rg6 34. Rd2 Rcg8 35. Bf2 Rh8 36. Bc5 Rh3 37. Bd6 Nb6 38. Kc1 Nc4 39. Rd1 e5 40. Rfd3 Rgxg3 41. Bc7 Rxd3 42. cxd3 Ne3 43. Rd2 Ke6 44. Bb8 Rh1+ 45. Kb2 Rh7 46. Re2 Nd5 47. d4 Nf4 48. Re3 Rb7 49. Bxe5 fxe5 50. Rxe5+ Kd6 51. Rf5 Nd5 52. Rh5 Re7 53. Rh6+ Re6 54. Rh8 Re2+ {[%emt 0:00:08] Rh1 [%clk 00:17:03] [%emt 00:01:15]} 0-1

[Event "World Senior chT-65 2019"]
[Site "Rhodes"]
[Date "2019.04.16"]
[Round "1.20"]
[White "Hedin, Gunnar"]
[Black "Bevan, Peter M"]
[Result "0-1"]
[ECO "A03"]
[WhiteElo "2195"]
[BlackElo "1920"]
[Annotator "NA"]
[PlyCount "94"]
[EventDate "2019.04.16"]
[EventType "team-tourn"]
[EventCountry "GRE"]
[SourceTitle "playchess.com"]
[Source "ChessBase"]
[SourceQuality "1"]
[WhiteTeam "Sweden"]
[BlackTeam "Wales"]
[WhiteTeamCountry "SWE"]
[BlackTeamCountry "WLS"]
[TimeControl "40/5400+30:1800+30"]

1. f4 d5 2. Nf3 Nf6 3. g3 g6 4. Bg2 c5 5. O-O Nc6 6. d3 Bg7 7. c3 O-O 8. Na3 b6 9. Qa4 Bd7 10. Qc2 Rc8 11. e4 c4 12. dxc4 dxe4 13. Ng5 Na5 14. b3 Bf5 15. Rd1 Qc7 16. Nb5 Qb7 17. Re1 a6 18. Nd4 b5 19. Nxe4 Bxe4 20. Bxe4 Nxe4 21. Qxe4 Qxe4 22. Rxe4 bxc4 23. b4 Nc6 24. Ne2 Nxb4 25. Bd2 Rfd8 26. Be1 Nc2 27. Rc1 Nxe1 28. Rxe1 Rd2 29. Rxe7 Rxa2 30. Rb1 Bf8 31. Re4 f5 32. Re5 Bd6 33. Rd5 Bc5+ 34. Kf1 Bf8 35. Rb7 Re8 36. Nd4 Rxh2 37. Rdd7 Re3 38. Rb8 Rd3 39. Ke1 Rxc3 40. Ne2 Rb3 41. Rc8 Rb1+ 42. Kd2 c3+ 43. Ke3 Re1 44. Rdd8 Rexe2+ 45. Kd3 Rd2+ 46. Kxc3 Rxd8 47. Rxd8 Ra2 0-1

[Event "World Senior chT-65 2019"]
[Site "Rhodes"]
[Date "2019.04.16"]
[Round "1.21"]
[White "Bellin, Robert"]
[Black "Andersson, Kaj"]
[Result "1-0"]
[ECO "D45"]
[WhiteElo "2315"]
[BlackElo "2030"]
[Annotator "NA RC"]
[PlyCount "109"]
[EventDate "2019.04.16"]
[EventType "team-tourn"]
[EventCountry "GRE"]
[SourceTitle "playchess.com"]
[Source "ChessBase"]
[SourceQuality "1"]
[WhiteTeam "England"]
[BlackTeam "Sweden"]
[WhiteTeamCountry "ENG"]
[BlackTeamCountry "SWE"]
[TimeControl "40/5400+30:1800+30"]

1. Nf3 Nf6 2. c4 c6 3. Nc3 d5 4. e3 e6 5. b3 Bd6 6. Bb2 O-O 7. Qc2 Nbd7 8. d4 Re8 9. Be2 e5 10. cxd5 Nxd5 11. Nxd5 cxd5 12. dxe5 Nxe5 13. O-O Bd7 14. Rfd1 Bc6 15. Nxe5 Bxe5 16. Bxe5 Rxe5 17. Bf3 Qf6 18. Qc3 Rae8 19. Qd4 h5 20. Rac1 h4 21. h3 Qg5 22. Rc5 R8e6 23. b4 Rg6 24. b5 Bd7 25. Rxd5 Rxd5 26. Qxd5 Bxh3 27. Qd8+ Kh7 28. Qxg5 Rxg5 29. Rd5 Rxd5 30. Bxd5 Be6 31. Bxe6 fxe6 32. Kh2 Kg6 33. Kh3 Kg5 34. f4+ Kf5 35. Kxh4 Ke4 36. Kg5 Kxe3 37. g4 Ke4 38. f5 exf5 39. gxf5 a5 40. b6 a4 41. a3 Ke5 42. Kg6 Ke4 43. Kxg7 Kxf5 44. Kf7 Ke5 45. Ke7 Kd5 46. Kd7 Kc4 47. Kc7 Kb3 48. Kxb7 Kxa3 49. Kc6 Kb2 50. b7 a3 51. b8=Q+ Ka1 52. Qe5+ Kb1 53. Qe1+ Kb2 54. Qb4+ Ka2 55. Kd5 1-0

[Event "World Senior chT-65 2019"]
[Site "Rhodes"]
[Date "2019.04.16"]
[Round "1.22"]
[White "Gustavsson, Sture"]
[Black "Povah, Nigel E"]
[Result "0-1"]
[ECO "E14"]
[WhiteElo "1976"]
[BlackElo "2319"]
[Annotator "NA RC"]
[PlyCount "94"]
[EventDate "2019.04.16"]
[EventType "team-tourn"]
[EventCountry "GRE"]
[SourceTitle "playchess.com"]
[Source "ChessBase"]
[SourceQuality "1"]
[WhiteTeam "Sweden"]
[BlackTeam "England"]
[WhiteTeamCountry "SWE"]
[BlackTeamCountry "ENG"]
[TimeControl "40/5400+30:1800+30"]

1. d4 Nf6 2. Nf3 e6 3. e3 c5 4. Bd3 b6 5. O-O Bb7 6. Nbd2 Be7 7. b3 O-O 8. Bb2 d6 9. c4 Nbd7 10. Qe2 Re8 11. Rac1 Bf8 12. Rfd1 Qc7 13. e4 cxd4 14. Nxd4 a6 15. Bb1 Rad8 16. a3 Qb8 17. Re1 g6 18. b4 Rc8 19. Qd3 Bg7 20. h3 Rcd8 21. Qc2 Qa8 22. f3 Rc8 23. Qd3 Qb8 24. N4b3 Red8 25. Qe2 Bc6 26. Nd4 Ba8 27. Nf1 Nh5 28. Qd2 e5 29. Ne2 Nf8 30. g4 Nf4 31. Nxf4 Bh6 32. Qf2 Bxf4 33. Rc2 Ne6 34. Rd1 Bc6 35. Rd3 Ba4 36. Rcc3 b5 37. cxb5 Bxb5 38. Rxc8 Rxc8 39. Rc3 Rxc3 40. Bxc3 Qc7 41. Bd2 Qc4 42. Ne3 Qb3 43. Bc2 Qxa3 44. Nd5 Bxd2 45. Qxd2 Qxf3 46. Qh6 Qf1+ 47. Kh2 Qf2+ 0-1

[Event "World Senior chT-65 2019"]
[Site "Rhodes"]
[Date "2019.04.16"]
[Round "1.23"]
[White "Snape, Ian L"]
[Black "Lundgren, Ulf"]
[Result "1-0"]
[ECO "D06"]
[WhiteElo "2154"]
[BlackElo "1964"]
[Annotator "NA"]
[PlyCount "107"]
[EventDate "2019.04.16"]
[EventType "team-tourn"]
[EventCountry "GRE"]
[SourceTitle "playchess.com"]
[Source "ChessBase"]
[SourceQuality "1"]
[WhiteTeam "England"]
[BlackTeam "Sweden"]
[WhiteTeamCountry "ENG"]
[BlackTeamCountry "SWE"]
[TimeControl "40/5400+30:1800+30"]

1. c4 Nf6 2. d4 d5 3. cxd5 Nxd5 4. e4 Nb6 5. Bd3 e6 6. Be3 Be7 7. Nf3 O-O 8. O-O Bd7 9. Nc3 Be8 10. Ne5 N8d7 11. f4 c5 12. Nxd7 Nxd7 13. d5 e5 14. Bb5 Qc7 15. d6 Bxd6 16. Nd5 Qd8 17. f5 Nf6 18. Nxf6+ Qxf6 19. Qg4 Be7 20. Bc4 Bc6 21. Bd5 Rfd8 22. Bxc6 Qxc6 23. Rf3 Qf6 24. Rh3 g6 25. Rf1 c4 26. fxg6 Qxg6 27. Qf3 Kh8 28. Rg3 Qe6 29. Qxf7 Qxf7 30. Rxf7 Rd1+ 31. Kf2 Bh4 32. Ke2 Bxg3 33. Kxd1 Bxh2 34. Bg5 b5 35. Bf6+ Kg8 36. Rg7+ Kf8 37. Rxh7 Bg1 38. Rh8+ Kf7 39. Rxa8 Kxf6 40. Rb8 Bb6 41. Ke2 Ke7 42. g4 Kf6 43. Kf3 Kf7 44. g5 Kg6 45. Kg4 b4 46. Rg8+ Kf7 47. Rc8 b3 48. axb3 cxb3 49. Rc3 Kg6 50. Rxb3 Bd8 51. Rb8 Bb6 52. Rc8 Bd4 53. b4 Be3 54. Rc6+ 1-0

[Event "World Senior chT-65 2019"]
[Site "Rhodes"]
[Date "2019.04.16"]
[Round "1.24"]
[White "Andersson, Sven-Olof"]
[Black "Quinn, John M"]
[Result "0-1"]
[ECO "A48"]
[WhiteElo "1904"]
[BlackElo "2140"]
[Annotator "NA"]
[PlyCount "50"]
[EventDate "2019.04.16"]
[EventType "team-tourn"]
[EventCountry "GRE"]
[SourceTitle "playchess.com"]
[Source "ChessBase"]
[SourceQuality "1"]
[WhiteTeam "Sweden"]
[BlackTeam "England"]
[WhiteTeamCountry "SWE"]
[BlackTeamCountry "ENG"]
[TimeControl "40/5400+30:1800+30"]

1. d4 Nf6 2. Nf3 g6 3. Bf4 Bg7 4. e3 O-O 5. Bd3 d6 6. Nbd2 c5 7. c3 Nc6 8. Qc2 cxd4 9. exd4 e5 10. dxe5 dxe5 11. Bg5 Qc7 12. Bxf6 Bxf6 13. Ne4 Bg7 14. h4 Bf5 15. h5 Qe7 16. hxg6 hxg6 17. Kf1 Rac8 18. Qe2 Rfd8 19. Nh4 Be6 20. Qe3 Nb4 21. Nc5 Nxd3 22. Nxd3 Rxd3 23. Qxd3 Bc4 24. Rd1 Bxd3+ 25. Rxd3 Rd8 0-1

[Event "World Senior chT-65 2019"]
[Site "Rhodes"]
[Date "2019.04.16"]
[Round "1.26"]
[White "Karasev, Vladimir I"]
[Black "White, Alastair F"]
[Result "1-0"]
[ECO "A22"]
[WhiteElo "2281"]
[BlackElo "2108"]
[Annotator "NA"]
[PlyCount "63"]
[EventDate "2019.04.16"]
[EventType "team-tourn"]
[EventCountry "GRE"]
[SourceTitle "playchess.com"]
[Source "ChessBase"]
[SourceQuality "1"]
[WhiteTeam "Russia"]
[BlackTeam "Scotland"]
[WhiteTeamCountry "RUS"]
[BlackTeamCountry "SCO"]
[TimeControl "40/5400+30:1800+30"]

1. c4 e5 2. Nc3 Nf6 3. g3 d5 4. cxd5 Nxd5 5. Bg2 Nxc3 6. bxc3 Bd6 7. Nf3 Nd7 8. O-O O-O 9. d4 Qe7 10. Bg5 Qe6 11. Qb3 Re8 12. Qxe6 Rxe6 13. Rab1 c5 14. Be3 h6 15. dxe5 Nxe5 16. Nxe5 Bxe5 17. Rfd1 Bxc3 18. Rd8+ Kh7 19. Bxc5 Bf6 20. Rf8 Be7 21. Bxe7 Rxe7 22. Rc1 Rxe2 23. Rfxc8 Rxc8 24. Rxc8 Rxa2 25. Bxb7 f5 26. Bd5 Ra1+ 27. Kg2 g5 28. Rc6 a5 29. Rf6 a4 30. Rxf5 a3 31. Rf3 Rd1 32. Be4+ 1-0

[Event "World Senior chT-65 2019"]
[Site "Rhodes"]
[Date "2019.04.16"]
[Round "1.27"]
[White "Bhopal, Raj"]
[Black "Shushpanov, Vladimir"]
[Result "1-0"]
[ECO "B28"]
[WhiteElo "1900"]
[BlackElo "2180"]
[Annotator "NA"]
[PlyCount "61"]
[EventDate "2019.04.16"]
[EventType "team-tourn"]
[EventCountry "GRE"]
[SourceTitle "playchess.com"]
[Source "ChessBase"]
[SourceQuality "1"]
[WhiteTeam "Scotland"]
[BlackTeam "Russia"]
[WhiteTeamCountry "SCO"]
[BlackTeamCountry "RUS"]
[TimeControl "40/5400+30:1800+30"]

1. e4 c5 2. Nf3 a6 3. a4 Nc6 4. Nc3 g6 5. Bc4 Bg7 6. O-O d6 7. h3 Nf6 8. d3 O-O 9. Be3 Bd7 10. Qd2 Rc8 11. Bh6 Nd4 12. Nxd4 cxd4 13. Ne2 Nxe4 14. Bxf7+ Rxf7 15. dxe4 Bxh6 16. Qxh6 Rxc2 17. Nxd4 Rxb2 18. Nf3 Qf8 19. Qc1 Rb4 20. Qc3 a5 21. Ng5 Rf4 22. Qc7 h6 23. Qxa5 Rd4 24. Qc3 Qf6 25. g3 Rxf2 26. Qb3+ d5 27. Rxf2 Qxg5 28. Raf1 Be6 29. Qf3 Kh8 30. Qf8+ Bg8 31. Qxg8+ 1-0

[Event "World Senior chT-65 2019"]
[Site "Rhodes"]
[Date "2019.04.16"]
[Round "1.28"]
[White "Blechzin, Igor"]
[Black "Dawson, Alastair"]
[Result "1-0"]
[ECO "A30"]
[WhiteElo "2210"]
[BlackElo "1817"]
[Annotator "NA"]
[PlyCount "70"]
[EventDate "2019.04.16"]
[EventType "team-tourn"]
[EventCountry "GRE"]
[SourceTitle "playchess.com"]
[Source "ChessBase"]
[SourceQuality "1"]
[WhiteTeam "Russia"]
[BlackTeam "Scotland"]
[WhiteTeamCountry "RUS"]
[BlackTeamCountry "SCO"]
[TimeControl "40/5400+30:1800+30"]

1. c4 e6 2. Nf3 Nf6 3. g3 b6 4. Bg2 Bb7 5. O-O Be7 6. b3 O-O 7. Bb2 c5 8. d4 d6 9. Nc3 a6 10. d5 e5 11. e4 b5 12. Ne1 bxc4 13. bxc4 Nbd7 14. Nc2 Nb6 15. Ne3 Bc8 16. a4 a5 17. Nb5 Nfd7 18. Bc3 Nb8 19. Qd2 N6d7 20. Nf5 Ra6 21. Bxa5 Nb6 22. Bxb6 Rxb6 23. Nxe7+ Qxe7 24. Rfb1 Na6 25. a5 Rb8 26. Nc3 Nb4 27. Na2 Na6 28. Rb6 Qc7 29. Rab1 Rxb6 30. axb6 Qb7 31. Qa5 Bd7 32. Nc3 Ra8 33. Nb5 Nb4 34. Nxd6 Rxa5 35. Nxb7 Ra8 1-0

[Event "World Senior chT-65 2019"]
[Site "Rhodes"]
[Date "2019.04.16"]
[Round "1.29"]
[White "Rantanen, Yrjo A."]
[Black "Baruch, Andrew J D"]
[Result "1-0"]
[ECO "B06"]
[WhiteElo "2283"]
[BlackElo "2039"]
[Annotator "NA"]
[PlyCount "88"]
[EventDate "2019.04.16"]
[EventType "team-tourn"]
[EventCountry "GRE"]
[SourceTitle "playchess.com"]
[Source "ChessBase"]
[SourceQuality "1"]
[WhiteTeam "Finland"]
[BlackTeam "England"]
[WhiteTeamCountry "FIN"]
[BlackTeamCountry "ENG"]
[TimeControl "40/5400+30:1800+30"]

1. e4 d6 2. d4 g6 3. Nc3 Bg7 4. Be3 a6 5. h4 b5 6. h5 Bb7 7. h6 Bf6 8. Qd2 Nd7 9. f3 e6 10. O-O-O Ne7 11. g4 O-O 12. Nce2 Nc8 13. Ng3 Ncb6 14. b3 d5 15. e5 Be7 16. f4 c5 17. Nf3 c4 18. f5 a5 19. Kb1 Bb4 20. c3 Ba3 21. Bg5 Qc7 22. Ne1 Rfc8 23. Nc2 Bf8 24. b4 axb4 25. cxb4 c3 26. Qf2 Nc4 27. Bc1 Ra4 28. a3 Rca8 29. fxe6 fxe6 30. Bd3 Be7 31. Rhf1 Rf8 32. Qe2 Raa8 33. Rxf8+ Rxf8 34. Rf1 Ndb6 35. g5 Rxf1 36. Nxf1 Qd8 37. Qg4 Bc8 38. Ka2 Bd7 39. Qg2 Nb2 40. Be2 N2a4 41. Nh2 Nc4 42. Ng4 Bxg5 43. Bxg5 Nab2 44. Bc1 Nb6 1-0

[Event "World Senior chT-65 2019"]
[Site "Rhodes"]
[Date "2019.04.16"]
[Round "1.30"]
[White "Reuben, Stewart"]
[Black "Hurme, Harri"]
[Result "1-0"]
[ECO "A28"]
[WhiteElo "1974"]
[BlackElo "2148"]
[Annotator "NA"]
[PlyCount "95"]
[EventDate "2019.04.16"]
[EventType "team-tourn"]
[EventCountry "GRE"]
[SourceTitle "playchess.com"]
[Source "ChessBase"]
[SourceQuality "1"]
[WhiteTeam "England"]
[BlackTeam "Finland"]
[WhiteTeamCountry "ENG"]
[BlackTeamCountry "FIN"]
[TimeControl "40/5400+30:1800+30"]

1. c4 g6 2. Nc3 Nf6 3. e4 e5 4. Nf3 Nc6 5. d4 exd4 6. Nxd4 d6 7. Be2 Bg7 8. Be3 O-O 9. Nxc6 bxc6 10. Qd2 Re8 11. f3 Be6 12. Rd1 Nd7 13. O-O Qb8 14. b3 a5 15. f4 Qb4 16. Bd4 Bxd4+ 17. Qxd4 f6 18. Bf3 Rad8 19. Na4 Bf7 20. Qa7 Nb6 21. Nxb6 Qxb6+ 22. Qxb6 cxb6 23. Rf2 Kf8 24. Rfd2 Ke7 25. Kf2 h6 26. e5 fxe5 27. fxe5 dxe5 28. Bxc6 Rxd2+ 29. Rxd2 Rd8 30. Rxd8 Kxd8 31. Ke3 g5 32. Ke4 Kc7 33. Bd5 Bg6+ 34. Kxe5 Bc2 35. Be4 Bd1 36. h3 a4 37. bxa4 Bxa4 38. Kd5 Be8 39. Ke6 g4 40. Kf6 gxh3 41. gxh3 Kd6 42. Bg6 Bd7 43. h4 Kc5 44. Bf7 h5 45. Bxh5 Kxc4 46. Bf7+ Kb4 47. h5 Bb5 48. h6 1-0

[Event "World Senior chT-65 2019"]
[Site "Rhodes"]
[Date "2019.04.16"]
[Round "1.31"]
[White "Kivimaki, Jaakko"]
[Black "Valentine, Brian J"]
[Result "1-0"]
[ECO "D03"]
[WhiteElo "2165"]
[BlackElo "1954"]
[Annotator "NA"]
[PlyCount "79"]
[EventDate "2019.04.16"]
[EventType "team-tourn"]
[EventCountry "GRE"]
[SourceTitle "playchess.com"]
[Source "ChessBase"]
[SourceQuality "1"]
[WhiteTeam "Finland"]
[BlackTeam "England"]
[WhiteTeamCountry "FIN"]
[BlackTeamCountry "ENG"]
[TimeControl "40/5400+30:1800+30"]

1. Nf3 Nf6 2. d4 e6 3. Bg5 Be7 4. Nbd2 d5 5. e3 Nbd7 6. Bd3 h6 7. Bh4 O-O 8. h3 c5 9. c3 b6 10. O-O Bb7 11. Ne5 Ne4 12. Bxe7 Qxe7 13. Nxd7 Qxd7 14. Bxe4 dxe4 15. dxc5 bxc5 16. Nb3 Qc6 17. Na5 Qb5 18. Nxb7 Qxb7 19. Qc2 Rfd8 20. Rfd1 f5 21. Rd2 Kf7 22. Rad1 Qc7 23. c4 Ke8 24. Qa4+ Ke7 25. Qa6 Qb6 26. Qxb6 axb6 27. Rxd8 Rxd8 28. Rxd8 Kxd8 29. Kf1 g5 30. g4 Ke7 31. Ke2 Kf6 32. Kd2 e5 33. Kc2 f4 34. Kb3 Ke6 35. Ka4 Kd6 36. Kb5 Kc7 37. a4 Kb7 38. a5 bxa5 39. Kxc5 fxe3 40. fxe3 1-0

[Event "World Senior chT-65 2019"]
[Site "Rhodes"]
[Date "2019.04.16"]
[Round "1.32"]
[White "Thynne, Trefor F"]
[Black "Meskanen, Vesa"]
[Result "1/2-1/2"]
[ECO "D78"]
[WhiteElo "1907"]
[BlackElo "2042"]
[Annotator "NA"]
[PlyCount "77"]
[EventDate "2019.04.16"]
[EventType "team-tourn"]
[EventCountry "GRE"]
[SourceTitle "playchess.com"]
[Source "ChessBase"]
[SourceQuality "1"]
[WhiteTeam "England"]
[BlackTeam "Finland"]
[WhiteTeamCountry "ENG"]
[BlackTeamCountry "FIN"]
[TimeControl "40/5400+30:1800+30"]

1. d4 Nf6 2. Nf3 g6 3. c4 Bg7 4. g3 c6 5. Bg2 d5 6. Nbd2 O-O 7. O-O Bf5 8. b3 Nbd7 9. Bb2 Ne4 10. Nxe4 Bxe4 11. Nd2 Bxg2 12. Kxg2 e6 13. e3 Re8 14. f4 Rc8 15. b4 Nf6 16. c5 Nd7 17. Qc2 f6 18. e4 Rc7 19. Rf2 Nb8 20. e5 Nd7 21. Rd1 Qe7 22. Rc1 Rb8 23. Ba3 Bf8 24. h4 Qg7 25. Nf3 Be7 26. Qd2 b6 27. Kh1 Ra8 28. Qe3 f5 29. Rcc2 b5 30. Bc1 a5 31. bxa5 Rxa5 32. Bd2 Ra4 33. Bc3 Qf8 34. Rb2 Qa8 35. Bb4 Rca7 36. Qd2 Nb8 37. Ne1 Na6 38. a3 Nxb4 39. axb4 1/2-1/2

[Event "World Senior chT-65 2019"]
[Site "Rhodes"]
[Date "2019.04.16"]
[Round "1.34"]
[White "Petschar, Kurt"]
[Black "Ranki, Martti"]
[Result "1-0"]
[ECO "C87"]
[WhiteElo "2226"]
[BlackElo "1940"]
[Annotator "NA"]
[PlyCount "53"]
[EventDate "2019.04.16"]
[EventType "team-tourn"]
[EventCountry "GRE"]
[SourceTitle "playchess.com"]
[Source "ChessBase"]
[SourceQuality "1"]
[WhiteTeam "Austria"]
[BlackTeam "Finland"]
[WhiteTeamCountry "AUT"]
[BlackTeamCountry "FIN"]
[TimeControl "40/5400+30:1800+30"]

1. e4 e5 2. Nf3 Nc6 3. Bb5 a6 4. Ba4 Nf6 5. O-O d6 6. Re1 Bg4 7. h3 Bh5 8. c3 Be7 9. d3 h6 10. Nbd2 O-O 11. Nf1 Re8 12. Ng3 Bg6 13. Nh4 Bh7 14. Nhf5 Bf8 15. Qf3 d5 16. Be3 b5 17. Bb3 d4 18. cxd4 exd4 19. Bf4 Na5 20. Bc2 c5 21. a4 c4 22. Rad1 Nc6 23. e5 Nd5 24. dxc4 Nxf4 25. Qxf4 bxc4 26. Qe4 Re6 27. Ne7+ 1-0